 Dungeon Crawl Stone Soup version 0.28-a0-863-g8cecda6153 (webtiles) character file.

Game seed: 6896402353559771234

2611 horus123 the Firebug (level 9, -6/52 HPs)
             Began as a Deep Elf Cinder Acolyte on Nov 19, 2021.
             Was an Elder of Ignis.
             Mangled by a boulder beetle (58 damage)
             ... on level 7 of the Dungeon.
             The game lasted 00:14:00 (9077 turns).

horus123 the Firebug (Deep Elf Cinder Acolyte)      Turns: 9077, Time: 00:14:00

Health: -6/52      AC:  7    Str: 11    XL:     9   Next: 34%
Magic:  19/20      EV: 11    Int: 22    God:    Ignis [****..]
Gold:   236        SH:  0    Dex: 11    Spells: 18/20 levels left

rFire   + + .      SeeInvis .   l - staff of fire
rCold   . . .      Faith    .   (no shield)
rNeg    . . .      Spirit   .   b - +0 robe
rPois   +          Reflect  .   p - +2 hat
rElec   .          Harm     .   (no cloak)
rCorr   .          Rampage  .   y - +1 pair of gloves
Will    .....                   z - +0 pair of boots
Stlth   +.........              (no amulet)
HPRegen 0.17/turn               g - ring of poison resistance
MPRegen 0.17/turn               (no ring)

@: no status effects
A: no striking features
a: Renounce Religion, Sea of Fire, Foxfire Swarm


You were on level 7 of the Dungeon.
You worshipped Ignis.
Ignis was greatly pleased with you.
You visited 1 branch of the dungeon, and saw 7 of its levels.

You collected 236 gold pieces.

Inventory:

Hand Weapons
 a - a +0 falchion of flaming
 j - a +4 dagger of freezing
Armour
 b - a +0 robe (worn)
 c - a +0 helmet
 p - a +2 hat (worn)
 s - a +0 tower shield
 y - a +1 pair of gloves (worn)
 z - a +0 pair of boots (worn)
Magical Staves
 l - a staff of fire (weapon)
Jewellery
 f - a ring of willpower
 g - a ring of poison resistance (left hand)
 u - a ring of ice
Wands
 k - a wand of flame (9)
Scrolls
 h - a scroll of enchant armour {unknown}
 m - a scroll of silence
 o - a scroll of fear
 r - 2 scrolls of teleportation {unknown}
 w - a scroll of identify
 x - a scroll of magic mapping {unknown}
Potions
 d - a potion of lignification {unknown}
 e - a potion of haste
 i - a potion of brilliance {unknown}
 n - a potion of might {unknown}
 q - a potion of berserk rage {unknown}
 t - a potion of attraction {unknown}
 v - a potion of degeneration {unknown}


   Skills:
 - Level 4.4 Fighting
 - Level 3.0 Long Blades
 - Level 6.6 Staves
 - Level 1.2 Dodging
 - Level 1.1 Stealth
 + Level 1.1 Shields
 - Level 6.4 Spellcasting
 - Level 7.3 Fire Magic
 - Level 5.5 Evocations


You had 18 spell levels left.
You knew the following spells:

 Your Spells              Type           Power      Damage    Failure   Level
a - Scorch                Fire           100%       2d10      1%          2

Your spell library contained the following spells:

 Spells                   Type           Power      Damage    Failure   Level
 Hailstorm                Conj/Ice       7%         3d4       65%         4
 Ice Form                 Ice/Tmut       7%         N/A       65%         4
 Simulacrum               Ice/Necr       3%         N/A       100%        6


Dungeon Overview and Level Annotations

Branches:
Dungeon (7/15)             Temple (0/1) D:4

Altars:
Cheibriados
Dithmenos
Elyvilon
Nemelex Xobeh
Xom
Zin


Message History

Things that are here:
a +0 flail; an orc corpse
Items here: )) [ †.
Items here: )) ††.
i - a fuming grey potion
There is an open door here.
Found a pair of boots.
Found 17 sling bullets.
You see here a +0 pair of boots.
z - a +0 pair of boots You start putting on your armour.
You continue putting on your +0 pair of boots. x4
You finish putting on your +0 pair of boots.
A necrophage comes into view.
You feel a surge of power!
Flames lash the necrophage.
The necrophage is moderately damaged.
The necrophage's fire resistance burns away.
You feel a surge of power!
Flames lash the necrophage.
The necrophage is burned terribly!
The necrophage is almost destroyed.
You feel a surge of power!
Flames lash the necrophage.
The necrophage is burned terribly!
You destroy the necrophage!
Your Shields skill increases to level 1!
There is an open door here.
You see here a necrophage corpse.
You see here 12 arrows.
There is an open door here.
A boulder beetle comes into view.
Found 2 scrolls of holy word and a scroll labelled CIOMAO SOGET.
You feel a surge of power!
Flames lash the boulder beetle.
The boulder beetle is lightly wounded.
The boulder beetle's fire resistance burns away.
The boulder beetle leaps!
Found a falchion.
Found a purple potion.
The boulder beetle curls into a ball and begins rolling!
Fires begin to smoulder around you! The boulder beetle hits you!!!
Ouch! That really hurt!
You die...

#. #..........# #§#
####.####..# ##§## ##)##
##.. ##§§§## ##.))## #.#
#§§§§§ ##.)...###.# #§§§#
##.......##.#
######§§§####§§§......#.#
?§§§§§§§§§§§§§§§......'..
#####§§@####.(.......#.#
##B## ##.......##.# #°#
##.....###.. #§°...#
##...## ##. #§§°..# ##†##
#. #§§°..# #.# #. #§§?..#
#.# #. #§§...# ##.## #.
...)..# ##...## #.


You could see a boulder beetle (rolling, combustible).

Vanquished Creatures
  A centaur zombie (D:5)
  Sigmund (D:6)
  3 yaks (D:6)
  An orc warrior (D:7)
  A necrophage (D:7)
  A centaur (D:5)
  2 phantoms
  A bullfrog (D:6)
  2 scorpions
  2 jellies (D:6)
  A water moccasin skeleton (D:5)
  4 killer bees (D:6)
  An electric eel (D:6)
  2 bullfrog zombies (D:6)
  3 hounds
  3 centaur skeletons
  2 orc priests (D:7)
  5 iguanas
  2 orc wizards (D:7)
  2 killer bee zombies (D:6)
  A howler monkey zombie (D:6)
  Robin (D:4)
  6 gnolls
  8 adders
  2 white imps (D:6)
  An ufetubus (D:5)
  3 dart slugs
  10 orcs
  6 endoplasms
  2 giant cockroaches
  6 hobgoblins
  7 jackals
  4 kobolds (D:1)
  2 quokkas
  5 ball pythons
  7 bats
  7 frilled lizards
  14 goblins
  A rat (D:1)
133 creatures vanquished.

Vanquished Creatures (others)
  25 foxfires
  A plant (D:3)
26 creatures vanquished.

Grand Total: 159 creatures vanquished

Notes
Turn   | Place    | Note
-------+----------+-------------------------------------------
     0 | D:1      | horus123 the Deep Elf Cinder Acolyte began the quest for
                  | the Orb.
     0 | D:1      | Reached XP level 1. HP: 13/13 MP: 5/5
   725 | D:1      | Reached XP level 2. HP: 18/18 MP: 6/6
   728 | D:1      | Learned a level 2 spell: Scorch
   739 | D:1      | Noticed a floating eye
   744 | D:1      | Noticed a floating eye
   746 | D:1      | Found a faded altar of an unknown god.
   755 | D:1      | Noticed a floating eye
   757 | D:1      | Noticed a golden eye
  1838 | D:1      | Reached skill level 1 in Dodging
  2051 | D:2      | Reached XP level 3. HP: 22/22 MP: 2/7
  2353 | D:2      | Reached skill level 1 in Stealth
  2586 | D:2      | Reached skill level 4 in Fire Magic
  2614 | D:2      | Reached XP level 4. HP: 27/27 MP: 6/10
  3333 | D:3      | Found a shadowy altar of Dithmenos.
  3842 | D:4      | Noticed Robin
  3873 | D:4      | HP: 1/27 [quokka (4)]
  3886 | D:4      | Reached skill level 1 in Staves
  3888 | D:4      | HP: 1/27 [Robin/goblin (1)]
  3892 | D:4      | Killed Robin
  4410 | D:4      | Noticed a scorpion
  4418 | D:4      | Killed a scorpion
  4419 | D:4      | Reached XP level 5. HP: 29/31 MP: 0/11
  4632 | D:4      | Found a staircase to the Ecumenical Temple.
  4764 | D:5      | Entered Level 5 of the Dungeon
  4789 | D:5      | Noticed a phantom
  4795 | D:5      | Killed a phantom
  4905 | D:5      | Reached XP level 6. HP: 22/36 MP: 5/15
  4906 | D:5      | Reached skill level 5 in Spellcasting
  5143 | D:5      | Found a snail-covered altar of Cheibriados.
  5405 | D:5      | Reached skill level 5 in Fire Magic
  5472 | D:5      | Reached skill level 7 in Fire Magic
  5472 | D:5      | Reached XP level 7. HP: 30/40 MP: 2/16
  5695 | D:5      | Found a shimmering altar of Xom.
  5701 | D:5      | Found a white marble altar of Elyvilon.
  6331 | D:6      | Reached XP level 8. HP: 36/48 MP: 17/17
  6668 | D:6      | Found a sparkling altar of Nemelex Xobeh.
  6994 | D:6      | Reached skill level 5 in Staves
  7343 | D:6      | Found a glowing silver altar of Zin.
  7373 | D:6      | Noticed Sigmund
  7380 | D:6      | Killed Sigmund
  7656 | D:6      | Reached XP level 9. HP: 48/52 MP: 11/18
  7953 | D:6      | Reached skill level 5 in Evocations
  9027 | D:7      | Reached skill level 1 in Shields
  9071 | D:7      | Noticed a boulder beetle
  9077 | D:7      | Mangled by a boulder beetle

Illustrated notes

Levels and vault maps discovered:
D:1:      heliophobic_arrival_enchanted_forest, layout_basic,
          hellmonk_ecumenical_altar_watching_god, kennysheep_another_room
D:2:      layout_loops_ring
D:3:      layout_rooms, nicolae_dithmenos_the_darkroom, serial_bayou_lagoon_b
D:4:      layout_rooms, temple_hall, mrwooster_statue_mirror, uniq_robin
D:5:      layout_basic, xom_teletrap_fun, mainiacjoe_overflow_paths,
          nicolae_elyvilon_peaceful_grove
D:6:      minmay_chambers_of_threes, layout_basic, nicolae_overflow_squiral,
          serial_co_window_serial, co_window_paths_a,
          co_window_of_opportunity_a, co_window_paths_a, co_window_paths_a,
          co_window_paths_a, co_window_paths_b, co_window_corner_ca,
          co_window_of_opportunity_c, co_window_corner_b, co_window_corner_b,
          co_window_2corner, glass_columns_a, minmay_misc_feat_rugged,
          uniq_sigmund
D:7:      layout_loops_corners, general_overflow_altar, lemuel_doored_altar,
          nicolae_sif_muna_condensation

Skill      XL: |  1  2  3  4  5  6  7  8  9 |
---------------+----------------------------+-----
Dodging        | 1 |  1.2
Spellcasting   | 2 4 5 6 |  6.4
Long Blades    | 3 |  3.0
Stealth        | 1 |  1.1
Fire Magic     | 4 7 |  7.3
Staves         | 1 6 |  6.6
Evocations     | 2 4 5 |  5.5
Fighting       | 4 |  4.4
Shields        | 1 |  1.1

Action                   |  1- 3 |  4- 6 |  7- 9 || total
-------------------------+-------+-------+-------++-------
Melee: Falchion          |    60 |     7 |       ||    67
       Staff             |       |    25 |    36 ||    61
       Dagger            |       |     1 |       ||     1
 Cast: Scorch            |    25 |    51 |   102 ||   178
Invok: Foxfire Swarm     |       |     1 |     1 ||     2
       Sea of Fire       |       |       |     1 ||     1
       Rising Flame      |       |       |     1 ||     1
Evoke: Wand              |       |     9 |       ||     9
  Use: Scroll            |     5 |     1 |     6 ||    12
       Potion            |       |     2 |     3 ||     5
 Stab: Sleeping          |     2 |       |       ||     2
Armor: Robe              |    26 |    23 |    19 ||    68
Dodge: Dodged            |    41 |    54 |    53 ||   148

Table legend: (Time is in decaauts)
 A = Elapsed time spent in this place.
 B = Non-inter-level travel time spent in this place.
 C = Inter-level travel time spent in this place.
 D = Time resting spent in this place.
 E = Time spent auto-exploring this place.
 F = Levels seen in this place.
 G = Mean time per level.
                   A        B        C        D        E       F      G
               +--------+--------+--------+--------+--------+-----+--------+
         Total |   9094 |   8828 |    266 |   1627 |   6232 |   7 | 1299.1 |
       Dungeon |   9094 |   8828 |    266 |   1627 |   6232 |   7 | 1299.1 |
               +--------+--------+--------+--------+--------+-----+--------+

Top non-repeatable levels by time:
     D:6: 2380 daAuts
     D:1: 2072 daAuts
     D:5: 1411 daAuts
     D:2: 1085 daAuts
     D:4: 972 daAuts
     D:3: 700 daAuts
     D:7: 471 daAuts
